 Dungeon Crawl Stone Soup version 0.29-a0-416-g83a48905f1 (webtiles) character file.

Game seed: 10556708001918134946

31 zeratav the Digger (level 3, -1/21 HPs)
             Began as an Octopode Earth Elementalist on May 16, 2022.
             Slain by Sigmund
             ... wielding a +4 scythe of distortion
              (7 damage)
             ... on level 2 of the Dungeon.
             The game lasted 00:02:27 (992 turns).

zeratav the Digger (Octopode Earth Elementalist)     Turns: 992, Time: 00:02:28

Health: -1/21      AC:  1    Str:  7    XL:     3   Next: 22%
Magic:  6/6        EV: 13    Int: 19    God:
Gold:   46         SH:  0    Dex: 12    Spells: 6/7 levels left

rFire   . . .      SeeInvis +   k - +2 dagger (venom) {short}
rCold   . . .      Faith    .   (no shield)
rNeg    . . .      Spirit   .   (helmet restricted)
rPois   .          Reflect  .   (no amulet)
rElec   .          Harm     .   d - ring of see invisible
rCorr   .          Rampage  .   (no ring)
Will    .....                   (no ring)
Stlth   +++.......              (no ring)
HPRegen 0.07/turn               (no ring)
MPRegen 0.10/turn               (no ring)
                                (no ring)
                                (no ring)

@: no status effects
A: almost no armour, amphibious, 8 rings, camouflage 1, gelatinous body 1,
(nimble swimmer 1), tentacles
a: no special abilities


You were on level 2 of the Dungeon.
You visited 1 branch of the dungeon, and saw 2 of its levels.

You collected 46 gold pieces.


Innate Abilities, Weirdness & Mutations

You cannot wear most types of armour.
You are amphibious.
You can wear up to eight rings at the same time.
Your skin changes colour to match your surroundings (Stealth+).
Your rubbery body absorbs attacks. (AC +1, EV +1)
((You are camouflaged when in or above water. (Stealth+)))
You have tentacles for arms and can constrict up to eight enemies at once.


   Skills:
 - Level 2.0 Dodging
 - Level 2.6 Stealth
 + Level 2.5 Spellcasting
 - Level 1.0 Transmutations
 * Level 3.9 Earth Magic


You had 6 spell levels left.
You knew the following spells:

 Your Spells              Type           Power      Damage    Failure   Level
a - Sandblast             Erth           34%        2d9       3%          1

Your spell library contained the following spells:

 Spells                   Type           Power      Damage    Failure   Level
 Passwall                 Tmut/Erth      9%         N/A       9%          2
 Stone Arrow              Conj/Erth      18%        3d8       22%         3
 Petrify                  Tmut/Erth      11%        N/A       50%         4

Inventory:

Hand Weapons
 k - a +2 dagger of venom (weapon) {short}
   (You took it off a goblin on level 1 of the Dungeon)
Missiles
 a - 59 stones {throwing}
Jewellery
 d - a ring of see invisible (left tentacle)
   (You found it on level 1 of the Dungeon)
Scrolls
 c - a scroll of immolation {unknown}
 f - 3 scrolls of identify {unknown}
 j - a scroll of amnesia {unknown}
Potions
 b - a potion of magic
 g - 2 potions of heal wounds {unknown}
 h - a potion of attraction {unknown}
 i - 3 potions of curing {unknown}

Dungeon Overview and Level Annotations

Branches:
Dungeon (2/15)

Altars:

Annotations:
D:2 Sigmund

#.#.#..# #
#.#.#"<#.# #
#.#.#..#.#.#
.........
....... #.#.S#
##.#####.#S.#
.........@S.#
##.###.##@##
#.# #.# .# #.#
#†# .# #.# #.#
.# #.# #.# .#
##.###.##.#
#<#.......#
#..........####


You could see Sigmund (invisible, extremely poisoned), 2 adders and a ball
python.


Message History

You kill the hobgoblin!
No target in view!
No target in view!
No target in view!
No target in view!
No target in view!
No target in view!
No target in view!
No target in view!
No target in view!
No target in view!
No target in view!
No target in view!
No target in view!
No target in view!
A ball python and a bat come into view.
There are monsters nearby!
There are monsters nearby!
The helpless bat fails to defend itself.
You puncture the bat!
You kill the bat!
The helpless ball python fails to defend itself.
You puncture the ball python!
You kill the ball python!
No target in view!
No target in view!
No target in view!
No target in view!
No target in view!
No target in view!
No target in view!
No target in view!
No target in view!
No target in view!
No target in view!
No target in view!
No target in view!
Done exploring.
Done exploring.
Done exploring.
(D) Dungeon
Where to? (Enter - D:1 @ (x,y), ? - help)
You see here a ball python corpse.
There is a stone staircase leading down here.
You climb downwards.
There is a stone staircase leading up here.
Sigmund the Dreaded comes into view.
He is wielding a +4 scythe of distortion.
A giant cockroach comes into view.
Found a large platinum amulet.
Found an escape hatch in the floor.
Found a stone staircase leading up.
The giant cockroach bites you.
HP[-2]
You take 2 damage, and now have 19/21 hp.
You closely miss the giant cockroach. You grab the giant cockroach.
You constrict the giant cockroach. The giant cockroach bites you.
HP[-2]
You take 2 damage, and now have 17/21 hp.
You hit the giant cockroach but do no damage.
The giant cockroach is poisoned.
You constrict the giant cockroach.
You kill the giant cockroach!
HP[+1]
You see here a giant cockroach corpse.
You start resting.
A giant cockroach comes into view.
A giant cockroach is nearby!
HP[+1]
You start resting.
HP[+2]
Your hp is fully restored (21).
You see here a giant cockroach corpse.
An adder and a ball python come into view.
The ball python hisses angrily.
The adder hisses angrily.
Sigmund casts a spell.
Sigmund flickers and vanishes for a moment.
You hit Sigmund.
Sigmund is poisoned.
You grab Sigmund. You constrict Sigmund. The ball python bites you.
The ball python completely misses you.
An adder comes into view.
Sigmund gestures at you while chanting. You resist with significant effort.
HP[-1]
You take 1 damage, and now have 20/21 hp.
You hit Sigmund.
You constrict Sigmund, but do no damage.
Sigmund hits you with a +4 scythe of distortion.
Space warps around you.
HP[-7]
You take 7 damage, and now have 13/21 hp.
MASSIVE DAMAGE!! (PAUSE)
You hit Sigmund.
Sigmund looks as sick as possible!
You constrict Sigmund. The adder bites you.
The adder bites you but does no damage.
HP[-1]
You take 1 damage, and now have 12/21 hp.
You hit Sigmund.
Sigmund looks as sick as possible!
You constrict Sigmund. The ball python bites you.
* * * LOW HITPOINT WARNING * * *
The ball python closely misses you.
Sigmund hits you with a +4 scythe of distortion.
* * * LOW HITPOINT WARNING * * *
Space warps around you!
You die...

Action                   || total
-------------------------++-------
Melee: Unarmed           ||    14
       Constrict         ||    10
       Tentacles         ||     6
       Mace              ||     8
       Dagger            ||    14
 Cast: Sandblast         ||    10
 Stab: Sleeping          ||     7
Armor: Skin              ||     4
Dodge: Dodged            ||    15

Levels and vault maps discovered:
D:1:      eino_arrival_water_star, layout_basic, basic_ecumenical_altar,
          minmay_tripent
D:2:      layout_loops_ring, uniq_sigmund

Notes
Turn   | Place    | Note
-------+----------+-------------------------------------------
     0 | D:1      | zeratav the Octopode Earth Elementalist began the quest for
                  | the Orb.
     0 | D:1      | Reached XP level 1. HP: 11/11 MP: 3/3
     0 | D:1      | magus.rc [v1.9.6]
   201 | D:1      | Found a faded altar of an unknown god.
   241 | D:1      | Reached XP level 2. HP: 12/17 MP: 1/5
   828 | D:1      | Reached XP level 3. HP: 21/21 MP: 6/6
   925 | D:2      | Noticed Sigmund
   992 | D:2      | Slain by Sigmund

Vanquished Creatures
  2 dart slugs (D:1)
  3 ball pythons (D:1)
  2 endoplasms (D:1)
  A giant cockroach (D:2)
  2 goblins (D:1)
  2 hobgoblins (D:1)
  3 jackals (D:1)
  4 bats (D:1)
  2 frilled lizards (D:1)
  3 rats (D:1)
24 creatures vanquished.

Table legend:
 A = Non-vault XP
 B = Vault XP
 C = Vault XP percentage of total XP
 D = Non-vault monster count
 E = Vault monster count
 F = Vault count percentage of total count
                 A         B        C        D         E       F
            +---------+---------+-------+---------+---------+-------
      Total |      42 |       3 |   6.7 |      22 |       2 |   8.3
            +---------+---------+-------+---------+---------+-------
        D:1 |      40 |       3 |   7.0 |      21 |       2 |   8.7
        D:2 |       2 |       0 |   0.0 |       1 |       0 |   0.0
            +---------+---------+-------+---------+---------+-------

Illustrated notes

Table legend:
 A = Kills in this place as a percentage of kills in entire the game.
 B = Kills by you in this place as a percentage of kills by you in the entire game.
 C = Kills by friends in this place as a percentage of kills by friends in the entire game.
 D = Other kills in this place as a percentage of other kills in the entire game.
 E = Experience gained in this place as a percentage of experience gained in the entire game.
 F = Experience gained in this place divided by the number of levels of this place that you have seen.
                   A       B       C       D       E      F
               +-------+-------+-------+-------+-------+----------------------
         Total | 100.0 | 100.0 |   N/A |   N/A | 100.0 |  22.5
       Dungeon | 100.0 | 100.0 |   N/A |   N/A | 100.0 |  22.5
               +-------+-------+-------+-------+-------+----------------------

Table legend: (Time is in decaauts)
 A = Elapsed time spent in this place.
 B = Non-inter-level travel time spent in this place.
 C = Inter-level travel time spent in this place.
 D = Time resting spent in this place.
 E = Time spent auto-exploring this place.
 F = Levels seen in this place.
 G = Mean time per level.
                   A        B        C        D        E       F      G
               +--------+--------+--------+--------+--------+-----+--------+
         Total |    993 |    972 |     21 |    185 |    619 |   2 |  496.5 |
       Dungeon |    993 |    972 |     21 |    185 |    619 |   2 |  496.5 |
               +--------+--------+--------+--------+--------+-----+--------+

Top non-repeatable levels by time:
     D:1: 918 daAuts
     D:2: 74 daAuts
